 Dungeon Crawl Stone Soup version 0.27.0-1-g7a089689b8 (webtiles) character file.

Game seed: 10356322868949776754

305 Sin92 the Chopper (level 6, -12/55 HPs)
             Began as a Minotaur Fighter on Aug 14, 2021.
             Was an Initiate of Okawaru.
             Mangled by an ogre (17 damage)
             ... on level 4 of the Dungeon on Aug 15, 2021.
             The game lasted 00:09:00 (4419 turns).

Sin92 the Chopper (Minotaur Fighter)                Turns: 4419, Time: 00:09:00

Health: -12/55     AC: 12    Str: 22    XL:     6   Next: 15%
Magic:  5/5        EV:  5    Int:  5    God:    Okawaru [......]
Gold:   244        SH: 11    Dex: 10    Spells: 5/5 levels left

rFire    . . .     SeeInvis .   d - +2 flail (drain)
rCold    . . .     Faith    .   c - +1 kite shield
rNeg     . . .     Spirit   .   j - +0 plate armour
rPois    .         Reflect  .   (helmet restricted)
rElec    .         Harm     .   (no cloak)
rCorr    .         Rampage  .   (no gloves)
Will     .....                  (no boots)
Stlth    ..........             (no amulet)
HPRegen  0.18/turn              (no ring)
MPRegen  0.09/turn              (no ring)

@: no status effects
A: horns 2, retaliatory headbutt
a: Renounce Religion


You were on level 4 of the Dungeon.
You worshipped Okawaru.
Okawaru was noncommittal.
You visited 2 branches of the dungeon, and saw 5 of its levels.

You collected 244 gold pieces.

Inventory:

Hand Weapons
 a - a +0 war axe
 d - a +2 flail of draining (weapon)
Armour
 b - a +0 scale mail
 c - a +1 kite shield (worn)
 j - a +0 plate armour (worn)
Jewellery
 g - a ring of resist corrosion
 n - a ring of positive energy
Scrolls
 e - 3 scrolls of identify {unknown}
 m - a scroll of enchant weapon {unknown}
Potions
 f - 2 potions of invisibility {unknown}
 h - a potion of attraction {unknown}
 i - a potion of ambrosia {unknown}
 k - 4 potions of curing {unknown}
 l - a potion of haste {unknown}


   Skills:
 + Level 4.8 Fighting
 + Level 4.8(4.9) Axes
 * Level 1.1(3.2) Maces & Flails
 + Level 4.7 Armour
 + Level 2.3 Dodging
 + Level 4.6 Shields


You had 5 spell levels left.
You didn't know any spells.
Your spell library contained the following spells:

 Spells                   Type           Power      Damage    Failure   Level
 Dazzling Flash           Conj/Hex       0%         N/A       100%        3
 Agony                    Necr           0%         N/A       100%        5
 Silence                  Hex/Air        0%         N/A       100%        5


Dungeon Overview and Level Annotations

Branches:
Dungeon (4/15)             Temple (1/1) D:4

Altars:
Ashenzari
Cheibriados
Dithmenos
Fedhas
Gozag
Hepliaklqana
Kikubaaqudgha
Makhleb
Okawaru
Sif Muna
Uskayaw
Vehumet
Wu Jian
Xom
Yredelemnul
Zin


Innate Abilities, Weirdness & Mutations

You have a pair of horns on your head.
You reflexively headbutt those who attack you in melee.


Message History

Items here: ))) ††.
Items here: ( ))))) ††††††.
n - a ring of positive energy You open the door.
There is an open door here.
You see here a +0 short sword.
There is an open door here.
Items here: ))) ÷÷.
Things that are here:
a +0 spear; a +0 animal skin; a +0 helmet Key pressed, stopping explore.
An ogre comes into view. It is wielding a +0 giant spiked club.
You see here 3 scrolls labelled VEOGIU YKOMURGH.
Unknown command.
Unknown command.
An ogre is nearby!
An ogre is nearby!
Unknown command.
An ogre is nearby!
You block the ogre's attack.
You thump the ogre!
The ogre is moderately wounded.
The ogre hits you with a +0 giant spiked club!
You closely miss the ogre. Your headbutt misses the ogre.
The ogre is moderately wounded.
You block the ogre's attack.
You hit the ogre but do no damage.
The ogre is moderately wounded.
The ogre hits you with a +0 giant spiked club.
You hit the ogre. You drain the ogre. Your headbutt misses the ogre.
The ogre is severely wounded.
The ogre hits you with a +0 giant spiked club!
You closely miss the ogre.
The ogre is severely wounded.
The ogre hits you with a +0 giant spiked club!!
* * * LOW HITPOINT WARNING * * *
You barely miss the ogre. You headbutt the ogre.
The ogre is almost dead.
The ogre hits you with a +0 giant spiked club!
You die...

#####.#######.....#)#..# #.#...
.).)..............8#8.># #.#...
..#...###.###..........#####.#..<
..#.).# #.# #.......##...........
..##..###.# #......#########.#)#.
#..#...##.# ######.#########.#..#
...#...##.# ##....?..............
#########.# #......$.#######.####
#.# #...@....# #.# #.# #...O....#
#.# #.......## #.# #.......# #.#
#.......# #.# #.......# #.#
######### #.#


You could see an ogre (drained).

Vanquished Creatures
  Edmund (D:4)
  A bullfrog skeleton (D:4)
  An iguana (D:4)
  A hound skeleton (D:4)
  Robin (D:4)
  2 adders
  A worm (D:2)
  3 dart slugs
  6 orcs
  2 bats
  9 endoplasms
  A giant cockroach (D:2)
  7 hobgoblins
  4 jackals (D:3)
  3 quokkas
  5 ball pythons
  5 frilled lizards
  11 goblins
  13 kobolds
  3 rats
80 creatures vanquished.

Vanquished Creatures (others)
  12 plants (D:3)
12 creatures vanquished.

Grand Total: 92 creatures vanquished

Notes
Turn   | Place    | Note
-------+----------+-------------------------------------------
     0 | D:1      | Sin92 the Minotaur Fighter began the quest for the Orb.
     0 | D:1      | Reached XP level 1. HP: 19/19 MP: 0/0
   279 | D:1      | Reached XP level 2. HP: 24/27 MP: 1/1
  1287 | D:2      | Reached XP level 3. HP: 14/33 MP: 2/2
  1764 | D:2      | Reached skill level 1 in Dodging
  2610 | D:3      | Reached XP level 4. HP: 40/40 MP: 3/3
  3620 | D:4      | Noticed Edmund
  3625 | D:4      | Killed Edmund
  3626 | D:4      | Reached XP level 5. HP: 35/47 MP: 4/4
  3736 | D:4      | Reached XP level 6. HP: 47/53 MP: 5/5
  3902 | D:4      | Found a staircase to the Ecumenical Temple.
  3928 | Temple   | Entered the Ecumenical Temple
  3942 | Temple   | Became a worshipper of Warmaster Okawaru
  4104 | D:4      | Noticed Robin
  4109 | D:4      | Reached skill level 1 in Maces & Flails
  4125 | D:4      | Killed Robin
  4419 | D:4      | Mangled by an ogre

Illustrated notes

Levels and vault maps discovered:
D:1:      dpeg_arrival_more_subterranean_lakeside_camping, layout_basic,
          minivault_4
D:2:      minmay_alternating_diamond, layout_basic, hangedman_decor_growths
D:3:      layout_loops_corners, kennysheep_boxes
D:4:      layout_basic, minmay_temple_entry_sparse_star, minmay_statues_item,
          hangedman_abyss_or_decor_jellyfish_corner, uniq_robin, uniq_edmund,
          uniq_grinder
Temple:   dpeg_three_leaves_temple

Skill      XL: |  1  2  3  4  5  6 |
---------------+-------------------+-----
Fighting       | 4 |  4.8
Axes           | 3 4 |  4.8
Armour         | 4 |  4.7
Dodging        | 1 2 |  2.3
Shields        | 4 |  4.6
Maces & Flails | 1 |  1.1

Action                   |  1- 3 |  4- 6 || total
-------------------------+-------+-------++-------
Melee: War axe           |    90 |    40 ||   130
       Headbutt          |    13 |    15 ||    28
       Flail             |       |    48 ||    48
  Use: Scroll            |     1 |     5 ||     6
       Potion            |       |     1 ||     1
Armor: Scale mail        |    47 |    10 ||    57
       Plate armour      |       |    39 ||    39
Dodge: Dodged            |    27 |    15 ||    42
Block: Kite shield       |    43 |    61 ||   104
